Unix NetHack Version 5.0.0-0 post-release - last build May 10 2026 23:12:36 (d1fa5d53e341ca933230fdaa984d921c805b60aa,branch:main).

Game began 2026-05-12 06:48:29, ended 2026-05-13 09:36:20.

2522468106252, lawful male human Samurai

                                                                         -----
                       ---------------                                   |...|
                       |..............####                              #....|
                       |...(`........|   #                              #|.>.|
                       |...%.........|#  ###----------                  #-----
                      #.....!?)......-#    #|........-#                 ###
                      #---------------     #|........|#                   #
              --------#                    #-........|#                   ##
              |.o..x:|#                     ----------#                    #
              |!.dZ.d|#                               #                    #
 ----------#%#.d.%.%.|#                               #                    #
 |........|#  ----o.d|#                               #             -------#
 |........|#     |...@#                               #             |.....-#
 |..*......#     |.F.|                                #             |.=...|
 ----------      -----                          `#######            |..<..|
                                                #   #--|------     #+^....|
                                                    #|....(..|     #-------
                                                    #.........######
                                                     ---------

2522468106252 the Ronin  St:15 Dx:15 Co:18 In:9 Wi:10 Ch:8  Lawful
Dlvl:1  $:3  HP:26(31) Pw:15(15) AC:4  Xp:3 T:549 

Latest messages:
 You already found a monster.  Use 'm' prefix to force another search.
 You already found a monster.  Use 'm' prefix to force another search.
 You already found a monster.  Use 'm' prefix to force another search.
 You already found a monster.  Use 'm' prefix to force another search.
 You already found a monster.  Use 'm' prefix to force another search.
 You already found a monster.  Use 'm' prefix to force another search.
 You kill the jackal!
 You see here a jackal corpse.
 You see here a statue of a fox.
 The jackal misses!
 The jackal bites!
 You hit the jackal.
 The jackal bites!
 You miss the jackal.
 You miss the jackal.
 The jackal bites!
 The jackal bites!
 The jackal bites!
 You miss the jackal.
 The jackal bites!
 The jackal bites!
 The jackal misses!
 You kill the jackal!
 You see here a jackal corpse.
 You see here a statue of a fox.
 You see here a jackal corpse.
 You see here a jackal corpse.
 Really step onto that falling rock trap? [yn] (n) n
 Really step onto that falling rock trap? [yn] (n) y
 There is a falling rock trap here.
 A trap door in the ceiling opens and a rock falls on your head!
 You see here a jackal corpse.
 You see here a statue of a fox.
 You see here a jackal corpse.
 You see here a statue of a lichen.
 You see here a jackal corpse.
 You see here a statue of a grid bug.
 You see here a statue of a grid bug.
 You see here a jackal corpse.
 You see here a statue of a lichen.
 Showing known terrain only...
 (For instructions type a '?')
 Move cursor to anything of interest:
 Done.
 Really quit without saving? [yn] (n) y
 Do you want your possessions identified? [ynq] (y) y
 Do you want to see your attributes? [ynq] (y) n
 Do you want an account of creatures vanquished? [ynaq] (y) n
 Do you want to see your conduct and achievements? [ynq] (y) y
 Do you want to see the dungeon overview? [ynq] (y) y

Inventory:
 Coins    ('$')
  $ - 3 gold pieces
 Weapons  (')')
  d - 29 +0 ya (in quiver)
  c - a +0 yumi
  a - a +0 katana (weapon in right hand)
  b - a +0 wakizashi (alternate weapon; not wielded)
 Armor    ('[')
  e - an uncursed rustproof +0 splint mail (being worn)

2522468106252 the Samurai's attributes:

Background:
 You were a Ronin, a level 3 male human Samurai.
 You were lawful, on a mission for Amaterasu Omikami
 who was opposed by Raijin (neutral) and Susanowo (chaotic).
 You were right-handed.
 You were in the Dungeons of Doom, on level 1.
 You entered the dungeon 549 turns ago.
 You had 52 experience points, 28 more were needed to attain level 4.

Basics:
 You had 26 out of 31 hit points.
 You had all 15 energy points (spell power).
 Your armor class was 4.
 Your wallet contained 3 zorkmids.
 Autopickup was off.

Final Characteristics:
 Your strength was 15 (limit:18/100).
 Your dexterity was 15 (limit:18).
 Your constitution was 18 (limit:18).
 Your intelligence was 9 (limit:18).
 Your wisdom was 10 (limit:18).
 Your charisma was 8 (limit:18).

Final Status:
 You weren't hungry.
 You were unencumbered.
 You were wielding a long sword.
 You had basic skill with long sword.

Final Attributes:
 You were fervently aligned.
 You were warded.
 You were fast.
 You survived.

Miscellaneous:
 You didn't encounter any bones levels.
 Total elapsed playing time was 36 minutes and 25 seconds.

Major events:
 Turn
    1: 2522468106252 the lawful male human Samurai entered the dungeon
  246: attained the rank of Ronin (level 3)
  549: quit

You didn't know any spells.

Skills:
 Fighting Skills
   martial arts      [Basic]
   two weapon combat [Unskilled]
   riding            [Unskilled]
 Weapon Skills
   dagger            [Unskilled]
   knife             [Unskilled]
   short sword       [Basic]
   broadsword        [Unskilled]
   long sword        [Basic]
   two-handed sword  [Unskilled]
   saber             [Unskilled]
   flail             [Unskilled]
   quarterstaff      [Unskilled]
   polearms          [Unskilled]
   spear             [Unskilled]
   lance             [Unskilled]
   bow               [Basic]
   shuriken          [Unskilled]
 Spellcasting Skills
   attack spells     [Unskilled]
   divination spells [Unskilled]
   clerical spells   [Unskilled]

Voluntary challenges:
 Character rerolling was not enabled.
 You went without food.
 You were an atheist.
 You were illiterate.
 You never genocided any monsters.
 You never polymorphed an object.
 You never changed form.
 You used no wishes.
Achievement:
 You attained the rank of Ronin.

 The Dungeons of Doom:
    Level 1: <- You were here.


Vanquished creatures:
  a lizard
  a soldier ant
  a kobold leader
  2 jackals
  a goblin
  a sewer rat
  a grid bug
  5 newts
13 creatures vanquished.

No species were genocided or became extinct.

Sayonara 2522468106252 the Samurai...

You quit in The Dungeons of Doom on dungeon level 1 with 211 points,
and 3 pieces of gold, after 549 moves.
You were level 3 with a maximum of 31 hit points when you quit.

